 Dungeon Crawl Stone Soup version 0.25-a0-663-gace7076f2c (webtiles) character file.

Game seed: 15038834355551351045, levelgen mode: deterministic

35 nono the Chucker (level 3, 0/20 HPs)
             Began as a Vine Stalker Hunter on Mar 24, 2020.
             Slain by Terence
             ... wielding a cursed -2 falchion
              (8 damage)
             ... on level 2 of the Dungeon.
             The game lasted 00:02:22 (1356 turns).

nono the Chucker (Vine Stalker Hunter)              Turns: 1356, Time: 00:02:22

Health: 0/20       AC:  3    Str: 15    XL:     3   Next: 33%
Magic:  0/4        EV: 11    Int: 11    God:
Gold:   55         SH:  3    Dex: 14    Spells: 2/2 levels left

rFire    . . .     SeeInvis .   a - +0 short sword
rCold    . . .     Gourm    .   l - +0 buckler
rNeg     . . .     Faith    .   b - +0 leather armour
rPois    .         Spirit   +   (no helmet)
rElec    .         Reflect  .   (no cloak)
rCorr    .         Harm     .   (no gloves)
MR       .....                  (no boots)
Stlth    ++........             (no amulet)
HPRegen  0.06/turn              (no ring)
MPRegen  0.09/turn              (no ring)

@: no status effects
A: fangs 2, magic shield, antimagic bite, no potion heal 3, rot immunity
a: no special abilities


You were on level 2 of the Dungeon.
You were hungry.

You visited 1 branch of the dungeon, and saw 2 of its levels.

You collected 55 gold pieces.

Inventory:

Hand Weapons
 a - a +0 short sword (weapon)
Missiles
 c - 6 javelins (quivered)
 d - 2 throwing nets
Armour
 b - a +0 leather armour (worn)
 l - a +0 buckler (worn)
Scrolls
 g - 2 scrolls of teleportation {unknown}
 i - a scroll of identify {unknown}
 j - a scroll of blinking {unknown}
 k - a scroll of fog {unknown}
Potions
 e - a potion of curing {unknown}
 h - a potion of stabbing {unknown}
Comestibles
 f - a ration


   Skills:
 + Level 3.3 Fighting
 - Level 3.6 Throwing
 - Level 1.5 Dodging
 - Level 1.2 Stealth


You had 2 spell levels left.
You didn't know any spells.
Your spell library was empty.

Dungeon Overview and Level Annotations

Branches:
Dungeon (2/15)

Altars:

Annotations:
D:2 Terence


Innate Abilities, Weirdness & Mutations

You have extremely sharp teeth.
When hurt, damage is shared between your health and your magic reserves.
Your bite disrupts and absorbs the magic of your enemies.
Potions cannot restore your health.
You are immune to rotting.


Message History

Your leather armour prevents you from hitting Terence.
Terence misses you.
You hit Terence. Your bite misses Terence.
Terence is lightly wounded.
Terence hits you but does no damage.
You hit Terence but do no damage. You bite Terence, but do no damage.
Terence is lightly wounded.
You block Terence's attack.
You barely miss Terence.
Terence is lightly wounded.
You are feeling hungry.
Terence hits you with a cursed -2 falchion.
You hit Terence.
Terence is moderately wounded.
Terence hits you with a cursed -2 falchion.
You aren't carrying any items that you can evoke.
You hit Terence but do no damage. You bite Terence, but do no damage.
Terence is moderately wounded.
Terence hits you with a cursed -2 falchion!
You die...

######+###### ######
............. .....
....................
.........## #.#.!. #.
.####.....# #.#..# ..
.####.....####.#..##.##.
.......................<
...............#@.#
....##.##.##.#.#@.#
..................#
....#.............#
....#...#.#..####.#
...(....+...... .#
........#.#..### .#
....#.. #.#... ..
....#.. #.#..## ..


You could see Terence.

Vanquished Creatures
  2 leopard geckos
  5 bats (D:1)
  2 giant cockroaches (D:1)
  4 goblins (D:1)
  2 hobgoblins (D:1)
  4 jackals (D:1)
  3 frilled lizards
  2 kobolds (D:1)
  7 rats (D:1)
31 creatures vanquished.

Notes
Turn   | Place    | Note
-------+----------+-------------------------------------------
     0 | D:1      | nono the Vine Stalker Hunter began the quest for the Orb.
     0 | D:1      | Reached XP level 1. HP: 11/11 MP: 2/2
    87 | D:1      | Reached XP level 2. HP: 6/16 MP: 3/3
   535 | D:1      | Reached XP level 3. HP: 5/20 MP: 4/4
  1325 | D:2      | Noticed Terence
  1356 | D:2      | Slain by Terence

Levels and vault maps discovered:
D:1:      dpeg_arrival_prison, layout_rooms, chequers_serial_rivers_micro_d
D:2:      layout_basic, uniq_terence

Skill      XL: |  1  2 |
---------------+-------+-----
Fighting       | 2 3 |  3.3
Throwing       | |  3.6
Dodging        | |  1.5
Stealth        | |  1.2

Action                   || total
-------------------------++-------
Melee: Short sword       ||   101
       Bite              ||    25
Throw: Javelin           ||     6
       Throwing net      ||     2
 Stab: Sleeping          ||     4
  Eat: Chunk             ||     1
Armor: Leather armour    ||    30
Dodge: Dodged            ||   101
Block: Buckler           ||     1

Table legend:
 A = Non-vault XP
 B = Vault XP
 C = Vault XP percentage of total XP
 D = Non-vault monster count
 E = Vault monster count
 F = Vault count percentage of total count
                 A         B        C        D         E       F
            +---------+---------+-------+---------+---------+-------
      Total |      44 |       6 |  12.0 |      26 |       5 |  16.1
            +---------+---------+-------+---------+---------+-------
        D:1 |      40 |       6 |  13.0 |      24 |       5 |  17.2
        D:2 |       4 |       0 |   0.0 |       2 |       0 |   0.0
            +---------+---------+-------+---------+---------+-------
